Map: Abiogenesis LE

Players

axu - Winner!

  • Race: Protoss Protoss
  • League: Platinum
  • Spawn Location: 5:00

Costuha

  • Race: Terran Terran
  • League: Platinum
  • Spawn Location: 11:00

VOD

Have the link to the VOD?

Description

Time

  • Played on: April 26, 2018, 8:27 a.m.
  • Length: 7:25
Show
View Real Time Build Order
Export as new Build Order

axu Protoss - Winner!

Build Orders: Blink Stalkers 

Get SALT Encoding   

  12  0:01  Probe  
  13  0:13  Probe  
  14  0:18  Pylon  
  14  0:25  Probe  
  15  0:37  Probe  
  15  0:41  Gateway  
  16  0:49  Probe  
  17  0:51  Assimilator  
  17  0:57  Probe  
  18  1:05  Probe  
  19  1:16  Probe  
  20  1:31  Cybernetics Core  
  20  1:37  Probe  
  20  1:39  Pylon  
  21  1:41  Assimilator  
  21  1:51  Gateway  
  21  1:53  Probe  
  22  2:01  Warp Gate  
  22  2:05  Probe  
  23  2:09  Pylon  
  23  2:10  Stalker  
  25  2:19  Gateway  
  25  2:23  Probe  
  26  2:30  Twilight Council  
  26  2:36  Probe  
  27  2:38  Stalker  
  29  2:46  Stalker  
  29  2:51  Blink  
  31  3:01  Probe  
  32  3:06  Shield Battery  
  32  3:31  Stalker x2  
  36  3:46  Stalker  
  38  3:51  Gateway  
  34  4:35  Stalker x2  
  34  4:36  Stalker  
  29  4:59  Stalker x2  
  33  5:00  Stalker  
  33  5:39  Stalker x4  
  37  5:52  Dark Shrine  
  33  6:22  Stalker x3  
Show
View Real Time Build Order
Export as new Build Order

Costuha Terran 

Build Orders:  

Get SALT Encoding   

  12  0:00  SCV  
  13  0:16  Supply Depot  
  13  0:17  SCV  
  14  0:29  SCV  
  15  0:38  Barracks  
  15  0:41  SCV  
  16  0:53  Refinery, SCV  
  17  1:05  SCV  
  18  1:17  SCV  
  19  1:29  Supply Depot  
  19  1:30  Orbital Command  
  19  1:35  Refinery  
  19  1:43  Marine  
  20  2:02  Factory  
  20  2:05  SCV  
  21  2:18  Barracks Reactor, SCV  
  22  2:30  Supply Depot, SCV  
  23  2:42  SCV  
  24  2:48  Command Center  
  24  2:50  Starport  
  24  2:54  SCV  
  25  3:01  Hellion x2  
  29  3:05  Barracks Tech Lab  
  29  3:06  SCV  
  30  3:22  Cyclone  
  30  3:23  Cyclone  
  36  3:27  Supply Depot  
  36  3:36  Starport Reactor  
  35  3:42  Stimpack  
  35  3:48  SCV  
  36  4:08  Orbital Command  
  36  4:11  Engineering Bay  
  36  4:16  Medivac  
  38  4:18  Barracks  
  34  4:45  Orbital Command  
  31  4:55  Cyclone x2  
  37  5:12  Barracks  
  36  5:14  Barracks Reactor  
  36  5:27  Cyclone  
  35  5:32  Cyclone  
  34  6:00  Barracks  
  28  6:09  Marine x3  
  28  6:10  Marauder  
  24  6:23  SCV  
  20  6:27  Marine x2  
  20  6:32  Marauder  
  19  6:35  SCV  
  15  6:53  Marauder  
Tags
 
Add a new tag
Caveats
  • Supply blocks, unpowered buildings, or Contaminate may cause inaccurate times.
  • Supply counts are checked every 10 seconds.